MINNESOTA Wild vs COLUMBUS Blue Jackets

Created - 3 mars 2024 at 14:48

Goals
1 2 3 T
MINNESOTA Wild 2 0 2 4
COLUMBUS Blue Jackets 2 0 0 2
Shots
1 2 3 T
MINNESOTA Wild 7 10 8 25
COLUMBUS Blue Jackets 10 6 7 23

1st period

1. MINNESOTA Wild , J.T. Miller 23 (Mattias Ekholm 22, Tyler Toffoli 21) at 2:05
2. COLUMBUS Blue Jackets , Neal Pionk 6 (Blake Coleman 16, Anthony Cirelli 27) at 3:47
3. MINNESOTA Wild , Kevin Fiala 6 (Robert Thomas 16) at 3:55
4. COLUMBUS Blue Jackets , Matt Benning 2 (Evan Rodrigues 15, Eric Staal 3) at 17:31

Penalties :
Neal Pionk (CLB) for Roughing (Double Minor) at 17:45, Nikita Kucherov (MIN) for Tripping (Minor) at 17:45

2nd period

No Goal

Penalties :
Andre Burakovsky (CLB) for Tripping (Minor) at 11:24

3rd period

5. MINNESOTA Wild , J.T. Miller 24 (Alex Pietrangelo 25) at 14:01
6. MINNESOTA Wild , Morgan Rielly 6 (Kevin Fiala 17, Alexandre Carrier 18) at 15:30

Penalties :
Robert Thomas (MIN) for Tripping (Minor) at 3:34, Yanni Gourde (MIN) for Roughing (Minor) at 16:19, Matt Benning (CLB) for Holding (Minor) at 18:34

Goalie Stats

Ilya Samsonov (MIN), 21 saves from 23 shots - (0,913), W, 22-14-2, 60:00 minutes
Thatcher Demko (CLB), 21 saves from 25 shots - (0,840), L, 18-19-3, 60:00 minutes

Players Stats for MINNESOTA Wild

Player Name              G  A  P  +/- PIM S  H  SB GA TA FO     MP     PP MP  PK MP  
------------------------------------------------------------------------------------
Alex Pietrangelo         0  1  1   2  0   3  0  0  0  0  0/0    25:07   2:43   2:22 
Alexandre Carrier        0  1  1   0  0   0  3  0  0  0  0/0    20:06   2:41   1:36 
Anton Lundell            0  0  0  -1  0   2  0  1  0  0  3/4     7:39   0:00   0:29 
Caleb Jones              0  0  0   0  0   1  1  1  0  0  0/0    14:47   0:00   0:00 
Denis Malgin             0  0  0  -1  0   0  0  0  0  0  0/0     6:31   0:00   0:00 
J.T. Miller              2  0  2   2  0   5  4  0  0  0  13/34  23:46   2:28   2:35 
Kevin Fiala              1  1  2   1  0   5  2  0  0  0  0/2    17:14   2:56   0:00 
Martin Necas             0  0  0   1  0   0  0  0  0  0  1/1    17:52   2:56   0:38 
Mathieu Joseph           0  0  0  -1  0   0  0  0  0  0  0/0     6:54   0:00   0:00 
Mattias Ekholm           0  1  1   2  0   0  4  0  0  0  0/0    25:07   2:43   2:22 
Morgan Rielly            1  0  1   0  0   4  3  1  0  0  0/0    20:06   2:41   1:36 
Nikita Kucherov          0  0  0   2  2   2  0  0  0  0  0/0    19:34   2:28   0:00 
Robert Thomas            0  1  1   1  2   2  0  0  0  0  9/19   17:13   2:56   0:00 
Taylor Hall              0  0  0   0  0   0  0  0  0  0  0/0    10:43   0:00   0:00 
Trevor Moore             0  0  0   0  0   0  1  0  0  0  1/3    13:41   0:00   1:38 
Tyler Toffoli            0  1  1   2  0   1  0  0  0  0  1/3    20:47   2:28   1:12 
Yanni Gourde             0  0  0   0  2   0  3  1  0  0  7/12   12:06   0:00   1:24 
Zach Werenski            0  0  0   0  0   0  0  0  0  0  0/0    14:47   0:00   0:00 

Players Stats for COLUMBUS Blue Jackets

Player Name              G  A  P  +/- PIM S  H  SB GA TA FO     MP     PP MP  PK MP  
------------------------------------------------------------------------------------
Andre Burakovsky         0  0  0  -1  2   1  0  0  0  0  1/1    16:28   0:00   0:00 
Anthony Cirelli          0  1  1   0  0   3  2  0  0  0  10/21  19:02   2:33   0:00 
Artturi Lehkonen         0  0  0   0  0   4  0  0  0  0  1/1    19:30   2:33   0:00 
Blake Coleman            0  1  1   0  0   2  2  0  0  0  1/1    20:15   2:33   1:13 
Calvin de Haan           0  0  0   0  0   2  2  0  0  0  0/0    16:08   0:00   1:04 
Dmitry Orlov             0  0  0  -2  0   1  1  1  0  0  0/0    24:32   2:47   2:31 
Eric Staal               0  1  1  -1  0   0  0  1  0  0  9/16   12:05   0:00   1:13 
Evan Rodrigues           0  1  1  -1  0   1  0  1  0  0  4/8    16:28   1:25   3:43 
Jake Evans               0  0  0   0  0   1  0  0  0  0  1/2     6:20   0:00   0:00 
Kailer Yamamoto          0  0  0  -1  0   1  2  0  0  0  0/1    16:23   1:25   0:00 
Lars Eller               0  0  0  -1  0   0  3  0  0  0  12/22  17:04   0:00   0:35 
Martin Fehervary         0  0  0   0  0   1  7  2  0  0  0/0    20:24   1:11   2:53 
Matt Benning             1  0  1   0  2   1  0  1  0  0  0/0    15:38   0:00   0:00 
Neal Pionk               1  0  1   0  4   2  1  0  0  0  0/0    18:44   1:11   1:49 
Ondrej Palat             0  0  0  -1  0   1  1  0  0  0  1/1    12:17   1:25   0:00 
Ryan Pulock              0  0  0  -2  0   1  1  0  0  0  0/0    24:32   2:47   2:31 
Travis Boyd              0  0  0   0  0   0  0  0  0  0  1/2     6:20   0:00   0:00 
Zemgus Girgensons        0  0  0   0  0   1  1  0  0  0  2/2    10:24   0:00   4:04 

3 Stars

1 - J.T. Miller (MIN)
2 - Kevin Fiala (MIN)
3 - Mattias Ekholm (MIN)

Power Play

MINNESOTA Wild - 0 on 3 Attempt(s) - 0,00%
COLUMBUS Blue Jackets - 0 on 2 Attempt(s) - 0,00%

Penalty Kill

MINNESOTA Wild - 2 on 2 Attempt(s) - 100,00% - Score 0 goal in Penalty Kill
COLUMBUS Blue Jackets - 3 on 3 Attempt(s) - 100,00% - Score 0 goal in Penalty Kill

Team Stat

MINNESOTA Wild - Hits : 21 - Faceoff Wins : 35 - Blocked Shots : 4 - Penalty Minutes : 6
COLUMBUS Blue Jackets - Hits : 23 - Faceoff Wins : 43 - Blocked Shots : 6 - Penalty Minutes : 8

Official

Referees : Samantha Hiller and Steve Kozari
Linesman : Lisa Linnek and Kory Nagy

Game Notes

No Game Note

Finance

Level 1 -- Attendance: 5133 (84,84%) -- Ticket Income $508,167
Level 2 -- Attendance: 4047 (80,14%) -- Ticket Income $238,773
Level 3 -- Attendance: 2075 (100,00%) -- Ticket Income $76,775
Level 4 -- Attendance: 4103 (100,00%) -- Ticket Income $61,545
Luxury Box -- Attendance: 698 (69,31%) -- Ticket Income $145,184
Game was played at the Nationwide Arena.
Total Attendance: 16056 (87,81%)
Total Ticket Income: $1,030,444
Other Income: $257,611
Total Income: $1,288,055

MINNESOTA Wild

5 vs 5 Forward 
   Center                   Left Wing                Right Wing               Time % Phy DF OF 
 1 J.T. Miller              Tyler Toffoli            Nikita Kucherov          40     1   2  2  
 2 Robert Thomas            Kevin Fiala              Martin Necas             32     1   2  2  
 3 Yanni Gourde             Taylor Hall              Trevor Moore             20     1   2  2  
 4 Anton Lundell            Mathieu Joseph           Denis Malgin             8      1   3  1  

5 vs 5 Defense 
   Defense                  Defense                                           Time % Phy DF OF 
 1 Alex Pietrangelo         Mattias Ekholm                                    40     1   2  2  
 2 Morgan Rielly            Alexandre Carrier                                 32     1   3  1  
 3 Zach Werenski            Caleb Jones                                       20     1   3  1  
 4 Alex Pietrangelo         Mattias Ekholm                                    8      1   2  2  

PowerPlay Forward 
   Center                   Left Wing                Right Wing               Time % Phy DF OF 
 1 J.T. Miller              Tyler Toffoli            Nikita Kucherov          60     1   1  3  
 2 Robert Thomas            Kevin Fiala              Martin Necas             40     1   1  3  

PowerPlay Defense
   Defense                  Defense                                           Time % Phy DF OF 
 1 Alex Pietrangelo         Mattias Ekholm                                    60     1   2  2  
 2 Morgan Rielly            Alexandre Carrier                                 40     1   2  2  

Penalty Kill 4 Players Forward 
   Center                   Wing                     Time % Phy DF OF 
 1 J.T. Miller              Yanni Gourde             60     1   3  1  
 2 Anton Lundell            Robert Thomas            40     1   3  1  

Penalty Kill 4 Players Defense
   Defense                  Defense                  Time % Phy DF OF 
 1 Alex Pietrangelo         Mattias Ekholm           60     1   3  1  
 2 Morgan Rielly            Alexandre Carrier        40     1   3  1  

Penalty Kill - 3 Players Forward 
   Forward                                           Time % Phy DF OF 
 1 J.T. Miller                                       60     1   3  1  
 2 Yanni Gourde                                      40     1   3  1  

Penalty Kill - 3 Players Defense
   Defense                  Defense                  Time % Phy DF OF 
 1 Alex Pietrangelo         Mattias Ekholm           60     1   3  1  
 2 Morgan Rielly            Alexandre Carrier        40     1   3  1  

4 vs 4 Forward 
   Center                   Wing                     Time % Phy DF OF 
 1 J.T. Miller              Nikita Kucherov          60     1   2  2  
 2 Robert Thomas            Kevin Fiala              40     1   2  2  

4 vs 4 Defense
   Defense                  Defense                  Time % Phy DF OF 
 1 Alex Pietrangelo         Mattias Ekholm           60     1   2  2  
 2 Morgan Rielly            Alexandre Carrier        40     1   2  2  

Last Minutes Offensive
   Center                   Left Wing                Right Wing               Defense                  Defense                  
   J.T. Miller              Tyler Toffoli            Nikita Kucherov          Alex Pietrangelo         Mattias Ekholm           

Last Minutes Defensive
   Center                   Left Wing                Right Wing               Defense                  Defense                  
   J.T. Miller              Yanni Gourde             Robert Thomas            Alex Pietrangelo         Mattias Ekholm           

Goaltenders
Starting : Ilya Samsonov            
Backup : Jack Campbell            

Extra Forwards
Normal : Trevor Moore, Anton Lundell, Mathieu Joseph - PP : Taylor Hall, Yanni Gourde - PK : Trevor Moore
Extra Defensemen
Normal : Zach Werenski, Caleb Jones, Alexandre Carrier - PP : Zach Werenski - PK : Caleb Jones, Zach Werenski
Penalty Shots
Nikita Kucherov, Tyler Toffoli, J.T. Miller, Kevin Fiala, Martin Necas

Scratches
None

COLUMBUS Blue Jackets

5 vs 5 Forward 
   Center                   Left Wing                Right Wing               Time % Phy DF OF 
 1 Anthony Cirelli          Artturi Lehkonen         Blake Coleman            40     0   3  2  
 2 Lars Eller               Andre Burakovsky         Kailer Yamamoto          30     0   3  2  
 3 Eric Staal               Evan Rodrigues           Ondrej Palat             20     0   4  1  
 4 Jake Evans               Zemgus Girgensons        Travis Boyd              10     0   4  1  

5 vs 5 Defense 
   Defense                  Defense                                           Time % Phy DF OF 
 1 Dmitry Orlov             Ryan Pulock                                       40     0   3  2  
 2 Neal Pionk               Martin Fehervary                                  30     0   4  1  
 3 Matt Benning             Calvin de Haan                                    20     0   5  0  
 4 Dmitry Orlov             Ryan Pulock                                       10     1   3  1  

PowerPlay Forward 
   Center                   Left Wing                Right Wing               Time % Phy DF OF 
 1 Anthony Cirelli          Artturi Lehkonen         Blake Coleman            60     0   1  4  
 2 Evan Rodrigues           Ondrej Palat             Kailer Yamamoto          40     0   1  4  

PowerPlay Defense
   Defense                  Defense                                           Time % Phy DF OF 
 1 Dmitry Orlov             Ryan Pulock                                       60     0   1  4  
 2 Neal Pionk               Martin Fehervary                                  40     0   1  4  

Penalty Kill 4 Players Forward 
   Center                   Wing                     Time % Phy DF OF 
 1 Evan Rodrigues           Zemgus Girgensons        60     0   5  0  
 2 Eric Staal               Blake Coleman            40     0   5  0  

Penalty Kill 4 Players Defense
   Defense                  Defense                  Time % Phy DF OF 
 1 Dmitry Orlov             Ryan Pulock              60     0   5  0  
 2 Neal Pionk               Martin Fehervary         40     0   5  0  

Penalty Kill - 3 Players Forward 
   Forward                                           Time % Phy DF OF 
 1 Artturi Lehkonen                                  60     0   5  0  
 2 Anthony Cirelli                                   40     0   5  0  

Penalty Kill - 3 Players Defense
   Defense                  Defense                  Time % Phy DF OF 
 1 Dmitry Orlov             Ryan Pulock              60     0   5  0  
 2 Neal Pionk               Martin Fehervary         40     0   5  0  

4 vs 4 Forward 
   Center                   Wing                     Time % Phy DF OF 
 1 Lars Eller               Andre Burakovsky         60     0   3  2  
 2 Artturi Lehkonen         Evan Rodrigues           40     0   3  2  

4 vs 4 Defense
   Defense                  Defense                  Time % Phy DF OF 
 1 Dmitry Orlov             Ryan Pulock              60     0   4  1  
 2 Neal Pionk               Martin Fehervary         40     0   4  1  

Last Minutes Offensive
   Center                   Left Wing                Right Wing               Defense                  Defense                  
   Anthony Cirelli          Artturi Lehkonen         Blake Coleman            Dmitry Orlov             Ryan Pulock              

Last Minutes Defensive
   Center                   Left Wing                Right Wing               Defense                  Defense                  
   Anthony Cirelli          Artturi Lehkonen         Blake Coleman            Dmitry Orlov             Ryan Pulock              

Goaltenders
Starting : Thatcher Demko           
Backup : Mackenzie Blackwood      

Extra Forwards
Normal : Travis Boyd, Anthony Cirelli, Zemgus Girgensons - PP : Blake Coleman, Travis Boyd - PK : Lars Eller
Extra Defensemen
Normal : Matt Benning, Calvin de Haan, Neal Pionk - PP : Matt Benning - PK : Calvin de Haan, Neal Pionk
Penalty Shots
Artturi Lehkonen, Anthony Cirelli, Blake Coleman, Evan Rodrigues, Kailer Yamamoto

Scratches
Max Pacioretty (Healthy)

% Time on Ice - MINNESOTA Wild

Lines # - Real PCT - Wanted PCT - Time Play
Normal Forward
1 - 35% - 40% - 17:07
2 - 29% - 32% - 14:18
3 - 22% - 20% - 10:43
4 - 13% - 8% - 6:31
Normal Defense
1 - 37% - 40% - 18:06
2 - 31% - 32% - 15:10
3 - 30% - 20% - 14:47
4 - 1% - 8% - 0:36
PP Forward
1 - 46% - 60% - 2:28
2 - 54% - 40% - 2:56
PP Defense
1 - 50% - 60% - 2:43
2 - 50% - 40% - 2:41
PK Forward
1 - 88% - 60% - 3:29
2 - 12% - 40% - 0:29
PK Defense
1 - 60% - 60% - 2:22
2 - 40% - 40% - 1:36
PK3 Forward
1 - 0% - 60%
2 - 0% - 40%
PK3 Defense
1 - 0% - 60%
2 - 0% - 40%
44 Forward
1 - 100% - 60% - 1:59
2 - 0% - 40% - 0:00
44 Defense
1 - 67% - 60% - 1:20
2 - 33% - 40% - 0:39
Last Minute Offensive  - 0:00
Last Minute Defensive  - 0:00
Total
Forward - 60:00
Defense - 60:00

% Time on Ice - COLUMBUS Blue Jackets

Lines # - Real PCT - Wanted PCT - Time Play
Normal Forward
1 - 34% - 40% - 16:29
2 - 31% - 30% - 14:58
3 - 22% - 20% - 10:52
4 - 13% - 10% - 6:20
Normal Defense
1 - 34% - 40% - 16:44
2 - 32% - 30% - 15:45
3 - 31% - 20% - 15:04
4 - 2% - 10% - 1:06
PP Forward
1 - 64% - 60% - 2:33
2 - 36% - 40% - 1:25
PP Defense
1 - 70% - 60% - 2:47
2 - 30% - 40% - 1:11
PK Forward
1 - 77% - 60% - 4:11
2 - 23% - 40% - 1:13
PK Defense
1 - 47% - 60% - 2:31
2 - 53% - 40% - 2:53
PK3 Forward
1 - 0% - 60%
2 - 0% - 40%
PK3 Defense
1 - 0% - 60%
2 - 0% - 40%
44 Forward
1 - 76% - 60% - 1:31
2 - 24% - 40% - 0:28
44 Defense
1 - 71% - 60% - 1:24
2 - 29% - 40% - 0:35
Last Minute Offensive  - 0:00
Last Minute Defensive  - 0:00
Total
Forward - 60:00
Defense - 60:00

Play-by-Play

1st period


0:01 of 1st period - J.T. Miller wins face-off versus Anthony Cirelli in neutral zone.
0:10 of 1st period - Ryan Pulock is hit by J.T. Miller and loses puck.
0:18 of 1st period - Icing by Artturi Lehkonen.
0:19 of 1st period - Anthony Cirelli wins face-off versus Robert Thomas in COLUMBUS Blue Jackets zone.
1:31 of 1st period - Shot by Yanni Gourde.
1:31 of 1st period - Shot Misses the Net.
1:37 of 1st period - Kailer Yamamoto is hit by Trevor Moore.
2:05 of 1st period - Shot by J.T. Miller.
2:05 of 1st period - Goal by J.T. Miller - MINNESOTA Wild : 1 - COLUMBUS Blue Jackets : 0.
2:06 of 1st period - Travis Boyd wins face-off versus J.T. Miller in neutral zone.
2:38 of 1st period - Shot by Tyler Toffoli.
2:38 of 1st period - Stopped by Thatcher Demko with a rebound.
3:02 of 1st period - Off-side.
3:03 of 1st period - Anton Lundell wins face-off versus Anthony Cirelli in neutral zone.
3:07 of 1st period - Alexandre Carrier is hit by Anthony Cirelli and loses puck.
3:43 of 1st period - Shot by Anthony Cirelli.
3:43 of 1st period - Shot Misses the Net.
3:45 of 1st period - Shot by Blake Coleman.
3:45 of 1st period - Shot Misses the Net.
3:47 of 1st period - Shot by Neal Pionk.
3:47 of 1st period - Goal by Neal Pionk - MINNESOTA Wild : 1 - COLUMBUS Blue Jackets : 1.
3:48 of 1st period - Robert Thomas wins face-off versus Eric Staal in neutral zone.
3:55 of 1st period - Shot by Kevin Fiala.
3:55 of 1st period - Goal by Kevin Fiala - MINNESOTA Wild : 2 - COLUMBUS Blue Jackets : 1.
3:56 of 1st period - Lars Eller wins face-off versus Robert Thomas in neutral zone.
4:11 of 1st period - Robert Thomas is hit by Lars Eller and loses puck.
4:31 of 1st period - Icing by Kailer Yamamoto.
4:32 of 1st period - Lars Eller wins face-off versus J.T. Miller in COLUMBUS Blue Jackets zone.
4:39 of 1st period - Shot by J.T. Miller.
4:39 of 1st period - Shot Misses the Net.
4:46 of 1st period - Icing by Nikita Kucherov.
4:47 of 1st period - J.T. Miller wins face-off versus Eric Staal in MINNESOTA Wild zone.
5:00 of 1st period - Shot by Tyler Toffoli.
5:00 of 1st period - Deflect By Nikita Kucherov.
5:00 of 1st period - Stopped by Thatcher Demko without a rebound.
5:01 of 1st period - Anthony Cirelli wins face-off versus Yanni Gourde in COLUMBUS Blue Jackets zone.
5:03 of 1st period - Artturi Lehkonen is hit by Yanni Gourde and loses puck.
5:12 of 1st period - Shot by Neal Pionk.
5:12 of 1st period - Shot Misses the Net.
5:14 of 1st period - Shot by Martin Fehervary.
5:14 of 1st period - Deflect By Anthony Cirelli.
5:14 of 1st period - Stopped by Ilya Samsonov without a rebound.
5:15 of 1st period - Eric Staal wins face-off versus J.T. Miller in MINNESOTA Wild zone.
5:15 of 1st period - Eric Staal is hit by Alexandre Carrier.
5:28 of 1st period - Icing by Ryan Pulock.
5:29 of 1st period - Eric Staal wins face-off versus Robert Thomas in COLUMBUS Blue Jackets zone.
5:39 of 1st period - Dmitry Orlov is hit by Mattias Ekholm and loses puck.
5:51 of 1st period - Ondrej Palat is hit by Mattias Ekholm and loses puck.
6:01 of 1st period - Evan Rodrigues is hit by Mattias Ekholm and loses puck.
6:09 of 1st period - Icing by Alex Pietrangelo.
6:10 of 1st period - Anthony Cirelli wins face-off versus Robert Thomas in MINNESOTA Wild zone.
6:10 of 1st period - Anthony Cirelli is hit by Mattias Ekholm.
6:30 of 1st period - Icing by Martin Fehervary.
6:31 of 1st period - Blake Coleman wins face-off versus J.T. Miller in COLUMBUS Blue Jackets zone.
6:31 of 1st period - Artturi Lehkonen is hit by J.T. Miller and loses puck.
6:58 of 1st period - J.T. Miller is hit by Neal Pionk and loses puck.
7:01 of 1st period - Shot by J.T. Miller.
7:01 of 1st period - Stopped by Thatcher Demko without a rebound.
7:02 of 1st period - Lars Eller wins face-off versus Yanni Gourde in COLUMBUS Blue Jackets zone.
7:31 of 1st period - Shot by Caleb Jones.
7:31 of 1st period - Stopped by Thatcher Demko without a rebound.
7:32 of 1st period - J.T. Miller wins face-off versus Travis Boyd in COLUMBUS Blue Jackets zone.
7:36 of 1st period - Icing by Matt Benning.
7:37 of 1st period - Jake Evans wins face-off versus Tyler Toffoli in COLUMBUS Blue Jackets zone.
7:46 of 1st period - Shot by Jake Evans.
7:46 of 1st period - Stopped by Ilya Samsonov with a rebound.
7:48 of 1st period - Shot by Calvin de Haan.
7:48 of 1st period - Stopped by Ilya Samsonov without a rebound.
7:49 of 1st period - Anthony Cirelli wins face-off versus Yanni Gourde in MINNESOTA Wild zone.
8:12 of 1st period - Shot by Blake Coleman.
8:12 of 1st period - Shot Blocked by Morgan Rielly.
8:59 of 1st period - Shot by Tyler Toffoli.
8:59 of 1st period - Shot Misses the Net.
9:47 of 1st period - Icing by Matt Benning.
9:48 of 1st period - Robert Thomas wins face-off versus Lars Eller in COLUMBUS Blue Jackets zone.
10:03 of 1st period - Martin Necas is hit by Kailer Yamamoto and loses puck.
10:14 of 1st period - Shot by Robert Thomas.
10:14 of 1st period - Shot Misses the Net.
10:52 of 1st period - Anton Lundell is hit by Lars Eller and loses puck.
11:41 of 1st period - Shot by Evan Rodrigues.
11:41 of 1st period - Shot Misses the Net.
12:55 of 1st period - Shot by Artturi Lehkonen.
12:55 of 1st period - Shot Misses the Net.
13:25 of 1st period - Shot by Martin Necas.
13:25 of 1st period - Shot Misses the Net.
13:27 of 1st period - Shot by Martin Necas.
13:27 of 1st period - Shot Hit the Post.
13:56 of 1st period - Taylor Hall is hit by Dmitry Orlov.
15:14 of 1st period - Morgan Rielly is hit by Calvin de Haan and loses puck.
15:18 of 1st period - Icing by Blake Coleman.
15:19 of 1st period - Anthony Cirelli wins face-off versus Robert Thomas in COLUMBUS Blue Jackets zone.
15:40 of 1st period - Shot by Artturi Lehkonen.
15:40 of 1st period - Stopped by Ilya Samsonov without a rebound.
15:41 of 1st period - Yanni Gourde wins face-off versus Lars Eller in MINNESOTA Wild zone.
16:25 of 1st period - Mattias Ekholm is hit by Lars Eller and loses puck.
16:46 of 1st period - Shot by Kevin Fiala.
16:46 of 1st period - Shot Misses the Net.
16:48 of 1st period - Shot by Kevin Fiala.
16:48 of 1st period - Stopped by Thatcher Demko without a rebound.
16:49 of 1st period - Robert Thomas wins face-off versus Eric Staal in COLUMBUS Blue Jackets zone.
16:55 of 1st period - Calvin de Haan is hit by Caleb Jones.
17:29 of 1st period - Shot by Evan Rodrigues.
17:29 of 1st period - Shot Misses the Net.
17:31 of 1st period - Shot by Matt Benning.
17:31 of 1st period - Goal by Matt Benning - MINNESOTA Wild : 2 - COLUMBUS Blue Jackets : 2.
17:32 of 1st period - J.T. Miller wins face-off versus Anthony Cirelli in neutral zone.
17:45 of 1st period - Double Minor Penalty to Neal Pionk for Roughing.
17:45 of 1st period - Minor Penalty to Nikita Kucherov for Tripping.
17:46 of 1st period - Lars Eller wins face-off versus J.T. Miller in COLUMBUS Blue Jackets zone.
17:55 of 1st period - Shot by Ryan Pulock.
17:55 of 1st period - Stopped by Ilya Samsonov without a rebound.
17:56 of 1st period - Lars Eller wins face-off versus J.T. Miller in MINNESOTA Wild zone.
18:05 of 1st period - Shot by Dmitry Orlov.
18:05 of 1st period - Stopped by Ilya Samsonov without a rebound.
18:06 of 1st period - Lars Eller wins face-off versus J.T. Miller in MINNESOTA Wild zone.
18:53 of 1st period - Lars Eller is hit by J.T. Miller and loses puck.
19:01 of 1st period - Icing by Andre Burakovsky.
19:02 of 1st period - Lars Eller wins face-off versus J.T. Miller in COLUMBUS Blue Jackets zone.
19:17 of 1st period - Off-side.
19:18 of 1st period - Artturi Lehkonen wins face-off versus Anton Lundell in neutral zone.
19:35 of 1st period - Shot by Artturi Lehkonen.
19:35 of 1st period - Stopped by Ilya Samsonov with a rebound.
19:37 of 1st period - Shot by Martin Fehervary.
19:37 of 1st period - Stopped by Ilya Samsonov without a rebound.
19:38 of 1st period - Lars Eller wins face-off versus J.T. Miller in MINNESOTA Wild zone.
19:44 of 1st period - Shot by Andre Burakovsky.
19:44 of 1st period - Deflect By Lars Eller.
19:44 of 1st period - Shot Misses the Net.
Goals for this period are 2 for MINNESOTA Wild vs 2 for COLUMBUS Blue Jackets.
Shots for this period are 7 for MINNESOTA Wild vs 10 for COLUMBUS Blue Jackets.

2nd period


0:01 of 2nd period - J.T. Miller wins face-off versus Evan Rodrigues in neutral zone.
0:21 of 2nd period - Shot by J.T. Miller.
0:21 of 2nd period - Shot Blocked by Dmitry Orlov.
0:23 of 2nd period - Shot by J.T. Miller.
0:23 of 2nd period - Shot Misses the Net.
0:25 of 2nd period - Shot by J.T. Miller.
0:25 of 2nd period - Shot Blocked by Evan Rodrigues.
0:27 of 2nd period - Shot by Mattias Ekholm.
0:27 of 2nd period - Shot Misses the Net.
0:31 of 2nd period - Shot by Alex Pietrangelo.
0:31 of 2nd period - Stopped by Thatcher Demko without a rebound.
0:32 of 2nd period - Robert Thomas wins face-off versus Evan Rodrigues in COLUMBUS Blue Jackets zone.
0:58 of 2nd period - Icing by Robert Thomas.
0:59 of 2nd period - Eric Staal wins face-off versus Kevin Fiala in MINNESOTA Wild zone.
1:42 of 2nd period - Shot by Alex Pietrangelo.
1:42 of 2nd period - Stopped by Thatcher Demko without a rebound.
1:43 of 2nd period - Eric Staal wins face-off versus J.T. Miller in COLUMBUS Blue Jackets zone.
2:41 of 2nd period - Anthony Cirelli is hit by Yanni Gourde and loses puck.
3:05 of 2nd period - Off-side.
3:06 of 2nd period - Eric Staal wins face-off versus J.T. Miller in neutral zone.
3:21 of 2nd period - Shot by Ondrej Palat.
3:21 of 2nd period - Deflect By Evan Rodrigues.
3:21 of 2nd period - Shot Misses the Net.
3:23 of 2nd period - Shot by Evan Rodrigues.
3:23 of 2nd period - Stopped by Ilya Samsonov without a rebound.
3:24 of 2nd period - Robert Thomas wins face-off versus Lars Eller in MINNESOTA Wild zone.
3:46 of 2nd period - Icing by Kailer Yamamoto.
3:47 of 2nd period - Lars Eller wins face-off versus J.T. Miller in COLUMBUS Blue Jackets zone.
3:52 of 2nd period - Shot by Kailer Yamamoto.
3:52 of 2nd period - Shot Misses the Net.
4:00 of 2nd period - Shot by Andre Burakovsky.
4:00 of 2nd period - Shot Misses the Net.
4:31 of 2nd period - Icing by J.T. Miller.
4:32 of 2nd period - Anthony Cirelli wins face-off versus J.T. Miller in MINNESOTA Wild zone.
4:49 of 2nd period - Shot by Artturi Lehkonen.
4:49 of 2nd period - Stopped by Ilya Samsonov without a rebound.
4:50 of 2nd period - Eric Staal wins face-off versus Robert Thomas in MINNESOTA Wild zone.
4:50 of 2nd period - Matt Benning is hit by Morgan Rielly and loses puck.
5:17 of 2nd period - Shot by Robert Thomas.
5:17 of 2nd period - Stopped by Thatcher Demko with a rebound.
7:31 of 2nd period - Shot by Kevin Fiala.
7:31 of 2nd period - Stopped by Thatcher Demko without a rebound.
7:32 of 2nd period - Robert Thomas wins face-off versus Jake Evans in COLUMBUS Blue Jackets zone.
7:35 of 2nd period - Shot by Kevin Fiala.
7:35 of 2nd period - Stopped by Thatcher Demko without a rebound.
7:36 of 2nd period - Zemgus Girgensons wins face-off versus Robert Thomas in COLUMBUS Blue Jackets zone.
7:59 of 2nd period - Shot by Zemgus Girgensons.
7:59 of 2nd period - Shot Misses the Net.
8:07 of 2nd period - Shot by Zemgus Girgensons.
8:07 of 2nd period - Stopped by Ilya Samsonov with a rebound.
8:19 of 2nd period - Shot by Kevin Fiala.
8:19 of 2nd period - Stopped by Thatcher Demko without a rebound.
8:20 of 2nd period - J.T. Miller wins face-off versus Anthony Cirelli in COLUMBUS Blue Jackets zone.
8:35 of 2nd period - Shot by J.T. Miller.
8:35 of 2nd period - Stopped by Thatcher Demko without a rebound.
8:36 of 2nd period - Yanni Gourde wins face-off versus Lars Eller in COLUMBUS Blue Jackets zone.
8:36 of 2nd period - Yanni Gourde is hit by Martin Fehervary.
9:03 of 2nd period - Taylor Hall is hit by Martin Fehervary and loses puck.
9:42 of 2nd period - Shot by Artturi Lehkonen.
9:42 of 2nd period - Stopped by Ilya Samsonov without a rebound.
9:43 of 2nd period - Eric Staal wins face-off versus J.T. Miller in MINNESOTA Wild zone.
11:06 of 2nd period - Shot by Anthony Cirelli.
11:06 of 2nd period - Stopped by Ilya Samsonov without a rebound.
11:07 of 2nd period - Yanni Gourde wins face-off versus Lars Eller in MINNESOTA Wild zone.
11:07 of 2nd period - Yanni Gourde is hit by Kailer Yamamoto.
11:24 of 2nd period - Minor Penalty to Andre Burakovsky for Tripping.
11:25 of 2nd period - Robert Thomas wins face-off versus Evan Rodrigues in COLUMBUS Blue Jackets zone.
12:04 of 2nd period - Shot by Morgan Rielly.
12:04 of 2nd period - Stopped by Thatcher Demko without a rebound.
12:05 of 2nd period - J.T. Miller wins face-off versus Lars Eller in COLUMBUS Blue Jackets zone.
12:05 of 2nd period - Nikita Kucherov is hit by Martin Fehervary and loses puck.
12:16 of 2nd period - Shot by Tyler Toffoli.
12:16 of 2nd period - Shot Misses the Net.
12:18 of 2nd period - Shot by Mattias Ekholm.
12:18 of 2nd period - Shot Misses the Net.
12:23 of 2nd period - J.T. Miller is hit by Martin Fehervary and loses puck.
12:35 of 2nd period - Icing by J.T. Miller.
12:36 of 2nd period - Evan Rodrigues wins face-off versus J.T. Miller in MINNESOTA Wild zone.
13:24 of 2nd period - Shot by Alexandre Carrier.
13:24 of 2nd period - Shot Misses the Net.
13:48 of 2nd period - Shot by Andre Burakovsky.
13:48 of 2nd period - Shot Misses the Net.
13:50 of 2nd period - Shot by Lars Eller.
13:50 of 2nd period - Shot Misses the Net.
13:52 of 2nd period - Shot by Calvin de Haan.
13:52 of 2nd period - Stopped by Ilya Samsonov with a rebound.
14:32 of 2nd period - Icing by Matt Benning.
14:33 of 2nd period - Robert Thomas wins face-off versus Lars Eller in COLUMBUS Blue Jackets zone.
15:22 of 2nd period - Icing by Kevin Fiala.
15:23 of 2nd period - Eric Staal wins face-off versus Robert Thomas in MINNESOTA Wild zone.
15:28 of 2nd period - Shot by Evan Rodrigues.
15:28 of 2nd period - Shot Misses the Net.
15:33 of 2nd period - Off-side.
15:34 of 2nd period - Anthony Cirelli wins face-off versus J.T. Miller in neutral zone.
15:37 of 2nd period - Tyler Toffoli is hit by Blake Coleman and loses puck.
16:59 of 2nd period - Shot by Ondrej Palat.
16:59 of 2nd period - Shot Blocked by Anton Lundell.
17:45 of 2nd period - Shot by Morgan Rielly.
17:45 of 2nd period - Stopped by Thatcher Demko with a rebound.
17:47 of 2nd period - Shot by Alexandre Carrier.
17:47 of 2nd period - Shot Blocked by Matt Benning.
18:01 of 2nd period - Robert Thomas is hit by Zemgus Girgensons and loses puck.
18:27 of 2nd period - Icing by Jake Evans.
18:28 of 2nd period - Zemgus Girgensons wins face-off versus J.T. Miller in COLUMBUS Blue Jackets zone.
18:37 of 2nd period - Shot by Nikita Kucherov.
18:37 of 2nd period - Stopped by Thatcher Demko without a rebound.
18:38 of 2nd period - J.T. Miller wins face-off versus Anthony Cirelli in COLUMBUS Blue Jackets zone.
18:42 of 2nd period - J.T. Miller is hit by Ryan Pulock and loses puck.
Goals for this period are 0 for MINNESOTA Wild vs 0 for COLUMBUS Blue Jackets.
Shots for this period are 10 for MINNESOTA Wild vs 6 for COLUMBUS Blue Jackets.

3rd period


0:01 of 3rd period - Tyler Toffoli wins face-off versus Anthony Cirelli in neutral zone.
0:01 of 3rd period - Tyler Toffoli is hit by Blake Coleman.
0:07 of 3rd period - Anthony Cirelli is hit by J.T. Miller and loses puck.
1:16 of 3rd period - Shot by Martin Necas.
1:16 of 3rd period - Shot Misses the Net.
1:18 of 3rd period - Shot by Robert Thomas.
1:18 of 3rd period - Stopped by Thatcher Demko without a rebound.
1:19 of 3rd period - Yanni Gourde wins face-off versus Lars Eller in COLUMBUS Blue Jackets zone.
1:29 of 3rd period - Andre Burakovsky is hit by Yanni Gourde and loses puck.
1:57 of 3rd period - Shot by Andre Burakovsky.
1:57 of 3rd period - Stopped by Ilya Samsonov without a rebound.
1:58 of 3rd period - J.T. Miller wins face-off versus Eric Staal in MINNESOTA Wild zone.
2:14 of 3rd period - Shot by Alex Pietrangelo.
2:14 of 3rd period - Shot Misses the Net.
2:51 of 3rd period - Matt Benning is hit by Alexandre Carrier.
3:34 of 3rd period - Minor Penalty to Robert Thomas for Tripping.
3:35 of 3rd period - J.T. Miller wins face-off versus Anthony Cirelli in MINNESOTA Wild zone.
4:57 of 3rd period - Off-side.
4:58 of 3rd period - Anton Lundell wins face-off versus Evan Rodrigues in neutral zone.
5:03 of 3rd period - Shot by Anton Lundell.
5:03 of 3rd period - Shot Hit the Post.
5:23 of 3rd period - Shot by Kailer Yamamoto.
5:23 of 3rd period - Deflect By Ondrej Palat.
5:23 of 3rd period - Shot Misses the Net.
5:25 of 3rd period - Shot by Neal Pionk.
5:25 of 3rd period - Stopped by Ilya Samsonov without a rebound.
5:26 of 3rd period - Evan Rodrigues wins face-off versus J.T. Miller in MINNESOTA Wild zone.
5:31 of 3rd period - Shot by Martin Fehervary.
5:31 of 3rd period - Shot Misses the Net.
5:57 of 3rd period - Shot by Anton Lundell.
5:57 of 3rd period - Stopped by Thatcher Demko without a rebound.
5:58 of 3rd period - Robert Thomas wins face-off versus Lars Eller in COLUMBUS Blue Jackets zone.
5:58 of 3rd period - Robert Thomas is hit by Martin Fehervary.
6:09 of 3rd period - Icing by Kailer Yamamoto.
6:10 of 3rd period - Anton Lundell wins face-off versus Kailer Yamamoto in COLUMBUS Blue Jackets zone.
6:10 of 3rd period - Zach Werenski is hit by Martin Fehervary and loses puck.
7:59 of 3rd period - Shot by Ondrej Palat.
7:59 of 3rd period - Shot Blocked by Caleb Jones.
9:53 of 3rd period - Shot by Robert Thomas.
9:53 of 3rd period - Shot Misses the Net.
9:55 of 3rd period - Shot by Morgan Rielly.
9:55 of 3rd period - Stopped by Thatcher Demko without a rebound.
9:56 of 3rd period - Lars Eller wins face-off versus Yanni Gourde in COLUMBUS Blue Jackets zone.
10:09 of 3rd period - Shot by Kailer Yamamoto.
10:09 of 3rd period - Stopped by Ilya Samsonov without a rebound.
10:10 of 3rd period - J.T. Miller wins face-off versus Anthony Cirelli in MINNESOTA Wild zone.
10:10 of 3rd period - J.T. Miller is hit by Anthony Cirelli.
10:22 of 3rd period - Shot by Blake Coleman.
10:22 of 3rd period - Stopped by Ilya Samsonov without a rebound.
10:23 of 3rd period - Andre Burakovsky wins face-off versus Robert Thomas in MINNESOTA Wild zone.
11:53 of 3rd period - Shot by Blake Coleman.
11:53 of 3rd period - Stopped by Ilya Samsonov with a rebound.
12:13 of 3rd period - Icing by Morgan Rielly.
12:14 of 3rd period - J.T. Miller wins face-off versus Eric Staal in MINNESOTA Wild zone.
12:14 of 3rd period - J.T. Miller is hit by Ondrej Palat.
12:19 of 3rd period - Off-side.
12:20 of 3rd period - Yanni Gourde wins face-off versus Eric Staal in neutral zone.
12:43 of 3rd period - Shot by Evan Rodrigues.
12:43 of 3rd period - Shot Blocked by Yanni Gourde.
13:20 of 3rd period - Icing by Yanni Gourde.
13:21 of 3rd period - Yanni Gourde wins face-off versus Anthony Cirelli in MINNESOTA Wild zone.
13:27 of 3rd period - Shot by Blake Coleman.
13:27 of 3rd period - Deflect By Anthony Cirelli.
13:27 of 3rd period - Stopped by Ilya Samsonov without a rebound.
13:28 of 3rd period - Anthony Cirelli wins face-off versus Tyler Toffoli in MINNESOTA Wild zone.
13:35 of 3rd period - Shot by J.T. Miller.
13:35 of 3rd period - Deflect By Tyler Toffoli.
13:35 of 3rd period - Shot Misses the Net.
14:01 of 3rd period - Shot by J.T. Miller.
14:01 of 3rd period - Goal by J.T. Miller - MINNESOTA Wild : 3 - COLUMBUS Blue Jackets : 2.
14:02 of 3rd period - Martin Necas wins face-off versus Lars Eller in neutral zone.
14:04 of 3rd period - Off-side.
14:05 of 3rd period - Lars Eller wins face-off versus Kevin Fiala in neutral zone.
14:22 of 3rd period - Neal Pionk is hit by Kevin Fiala and loses puck.
14:28 of 3rd period - Icing by Lars Eller.
14:29 of 3rd period - Lars Eller wins face-off versus J.T. Miller in COLUMBUS Blue Jackets zone.
14:42 of 3rd period - Shot by J.T. Miller.
14:42 of 3rd period - Shot Misses the Net.
15:24 of 3rd period - Shot by Martin Necas.
15:24 of 3rd period - Shot Blocked by Martin Fehervary.
15:26 of 3rd period - Shot by Alexandre Carrier.
15:26 of 3rd period - Shot Blocked by Martin Fehervary.
15:28 of 3rd period - Shot by Kevin Fiala.
15:28 of 3rd period - Shot Misses the Net.
15:30 of 3rd period - Shot by Morgan Rielly.
15:30 of 3rd period - Goal by Morgan Rielly - MINNESOTA Wild : 4 - COLUMBUS Blue Jackets : 2.
15:31 of 3rd period - Anthony Cirelli wins face-off versus Yanni Gourde in neutral zone.
15:37 of 3rd period - Artturi Lehkonen is hit by Alexandre Carrier and loses puck.
15:41 of 3rd period - Icing by Trevor Moore.
15:42 of 3rd period - Eric Staal wins face-off versus Trevor Moore in MINNESOTA Wild zone.
15:56 of 3rd period - Ondrej Palat is hit by Morgan Rielly and loses puck.
16:00 of 3rd period - Icing by Alexandre Carrier.
16:01 of 3rd period - Trevor Moore wins face-off versus Anthony Cirelli in MINNESOTA Wild zone.
16:11 of 3rd period - Matt Benning is hit by Morgan Rielly and loses puck.
16:19 of 3rd period - Minor Penalty to Yanni Gourde for Roughing.
16:20 of 3rd period - Ondrej Palat wins face-off versus J.T. Miller in MINNESOTA Wild zone.
16:49 of 3rd period - Shot by Ondrej Palat.
16:49 of 3rd period - Stopped by Ilya Samsonov with a rebound.
16:57 of 3rd period - Shot by J.T. Miller.
16:57 of 3rd period - Stopped by Thatcher Demko without a rebound.
16:58 of 3rd period - J.T. Miller wins face-off versus Anthony Cirelli in COLUMBUS Blue Jackets zone.
16:58 of 3rd period - Trevor Moore is hit by Martin Fehervary and loses puck.
17:21 of 3rd period - Off-side.
17:22 of 3rd period - Anthony Cirelli wins face-off versus Trevor Moore in neutral zone.
18:30 of 3rd period - Shot by Anton Lundell.
18:30 of 3rd period - Stopped by Thatcher Demko without a rebound.
18:31 of 3rd period - Yanni Gourde wins face-off versus Eric Staal in COLUMBUS Blue Jackets zone.
18:31 of 3rd period - Yanni Gourde is hit by Calvin de Haan.
18:34 of 3rd period - Minor Penalty to Matt Benning for Holding.
18:35 of 3rd period - Evan Rodrigues wins face-off versus Robert Thomas in COLUMBUS Blue Jackets zone.
18:35 of 3rd period - Evan Rodrigues is hit by Kevin Fiala.
19:41 of 3rd period - Shot by Tyler Toffoli.
19:41 of 3rd period - Shot Blocked by Eric Staal.
19:43 of 3rd period - Shot by Alex Pietrangelo.
19:43 of 3rd period - Shot Misses the Net.
19:45 of 3rd period - Shot by Alex Pietrangelo.
19:45 of 3rd period - Shot Misses the Net.
19:53 of 3rd period - Shot by Alex Pietrangelo.
19:53 of 3rd period - Stopped by Thatcher Demko without a rebound.
19:54 of 3rd period - Evan Rodrigues wins face-off versus J.T. Miller in COLUMBUS Blue Jackets zone.
Goals for this period are 2 for MINNESOTA Wild vs 0 for COLUMBUS Blue Jackets.
Shots for this period are 8 for MINNESOTA Wild vs 7 for COLUMBUS Blue Jackets. Output by the SimonT Hockey Simulator (STHS) for Martin Benoit - Original Page W3C HTML5 Valid
Hockey Simulator - Hockey Simulation - Hockey Manager